 Dungeon Crawl Stone Soup version 0.15-a0-110-gb05c47c (webtiles) character file.

104 Qrupt the Charlatan (level 4, 0/34 HPs)
             Began as a Human Artificer on Apr 10, 2014.
             Was an Initiate of Nemelex Xobeh.
             Slain by a hobgoblin
             ... wielding a +0,+0 club
              (4 damage)
             ... on Level 2 of the Dungeon.
             The game lasted 00:07:04 (1810 turns).

Qrupt the Charlatan (Human Artificer)               Turns: 1810, Time: 00:07:05

HP   0/34        AC  4     Str 13      XL: 4   Next: 57%
MP   6/6         EV 11     Int 12      God: Nemelex Xobeh [......]
Gold 28          SH  0     Dex 13      Spells:  0 memorised,  3 levels left

rFire  . . .     SeeInvis .     j - +0 spear
rCold  . . .     Clarity  .     e - +0 leather armour
rNeg   . . .     Conserve .     (no shield)
rPois  .         rCorr    .     n - +0 helmet
rElec  .         rRot     .     (no cloak)
SustAb . .       Spirit   .     (no gloves)
rMut   .         Warding  .     (no boots)
Saprov . . .     Stasis   .     (no amulet)
MR     .....                    (no ring)
                                (no ring)

@: not resistant to hostile enchantments, unstealthy
A: no striking features
a: Renounce Religion


You were on level 2 of the Dungeon.
You worshipped Nemelex Xobeh.
Nemelex Xobeh was noncommittal.
You were not hungry.

You visited 1 branch of the dungeon, and saw 2 of its levels.

You collected 28 gold pieces.

Inventory:

Hand weapons
 a - a +0,+0 short sword
 j - a +0,+0 spear (weapon)
Armour
 e - a +0 leather armour (worn)
 n - a +0 helmet (worn)
 u - a cursed +0 leather armour
Magical devices
 b - a wand of flame (9)
 c - a wand of enslavement (15)
 d - a wand of random effects (13)
Comestibles
 f - 2 bread rations
 q - an apple
 v - a chunk of worm flesh
Scrolls
 g - 4 scrolls of identify {unknown}
 o - a scroll of recharging {unknown}
 t - 2 scrolls of remove curse {unknown}
Jewellery
 k - an uncursed amulet of rage {unknown}
 p - an uncursed ring of see invisible {unknown}
Potions
 h - a potion of confusion {unknown}
 i - a potion of restore abilities {unknown}
 l - a potion of mutation {unknown}
 s - a potion of degeneration {unknown}
Miscellaneous
 m - a plain deck of defence
 r - a plain deck of destruction


   Skills:
 - Level 2.4 Fighting
 - Level 1.4 Short Blades
 + Level 2.6 Polearms
 - Level 2.0 Dodging
 - Level 1.0 Stealth
 - Level 3.0 Evocations


You had 3 spell levels left.
You didn't know any spells.

Dungeon Overview and Level Annotations

Branches:
Dungeon (2/15)

Altars:
Nemelex Xobeh
Yredelemnul
Zin


Message History

Aim: a hobgoblin, wielding a club You reach to attack!
You hit the hobgoblin.
The hobgoblin is heavily wounded.
You closely miss the hobgoblin.
The hobgoblin is heavily wounded.
The hobgoblin completely misses you.
You barely miss the hobgoblin.
The hobgoblin is heavily wounded.
The hobgoblin hits you but does no damage.
You hit the hobgoblin but do no damage.
The hobgoblin is heavily wounded.
You closely miss the hobgoblin.
The hobgoblin is heavily wounded.
The hobgoblin hits you with a club.
* * * LOW HITPOINT WARNING * * *
You hit the hobgoblin.
The hobgoblin is almost dead.
The hobgoblin hits you with a club.
You die...
Your body disappears without a glow.

#...# ####.#####.# #...# #..#
#.. #...## #### #.######## #....
..# #.# #..... ######...#####.#
#.# #.....
................#####.###.....
..............................
................##..#.#.......
.######.....g@..##..#.#.......
#...########.#.#........ #...#
###.._.##.##### #...#
#...#.#.#.# .########...#
.#.......# ............#
.##.##.#######
....#.####..######.##...........
#.#........#####.###....
.......?#......###......# #..##


You could see a hobgoblin.

Vanquished Creatures
  Ijyb (D:2)
  2 adders (D:2)
  2 worms
  2 bats
  A giant cockroach (D:2)
  3 goblins (D:1)
  3 hobgoblins
  8 jackals
  2 giant geckos
  6 rats
30 creatures vanquished.

Notes
Turn   | Place    | Note
--------------------------------------------------------------
     0 | D:1      | Qrupt, the Human Artificer, began the quest for the Orb.
     0 | D:1      | Reached XP level 1. HP: 15/15 MP: 1/1
   151 | D:1      | Reached XP level 2. HP: 9/21 MP: 3/3
   859 | D:1      | Found a sparkling altar of Nemelex Xobeh.
   879 | D:1      | Reached XP level 3. HP: 26/28 MP: 4/4
   885 | D:1      | Became a worshipper of Nemelex Xobeh the Trickster
  1024 | D:2      | Reached skill level 1 in Polearms
  1398 | D:2      | Found a basalt altar of Yredelemnul.
  1438 | D:2      | Reached XP level 4. HP: 27/34 MP: 6/6
  1455 | D:2      | Found a glowing silver altar of Zin.
  1471 | D:2      | Received a gift from Nemelex Xobeh
  1509 | D:2      | Noticed Ijyb
  1543 | D:2      | Killed Ijyb
  1810 | D:2      | Slain by a hobgoblin

Action                   |  1- 3 |  4- 6 || total
-------------------------+-------+-------++-------
Melee: Short sword       |    46 |       ||    46
       Spear             |    69 |    65 ||   134
Evoke: Wand              |     3 |     5 ||     8
